ABL
EAST SYDNEY ROOSTERS @ SOUTH SYDNEY RABBITOHS
04/12/2022
 
TOP OF THE 1ST
East Sydney Roosters batting - Pitching for South Sydney Rabbitohs : RHP Curtis Chatfield
Pitching: RHP Curtis Chatfield
Batting: RHB Irving Dorset 0-0: Called Strike
0-1: Foul Ball, location: 2F
0-2: Ball
1-2: Ground out 6-3 (Groundball, 6, EV 103.8 MPH)
Batting: LHB Kole Hancock 0-0: Ball
1-0: Ball
2-0: Ball
3-0: Called Strike
3-1: Base on Balls
Batting: SHB Daren Simmons 0-0: Ball
1-0: Swinging Strike
1-1: Ball
2-1: Foul Ball, location: 7LSF
2-2: Foul Ball, location: 3F
2-2: Ball
3-2: Grounds into double play, 4-6-3 (Groundball, 4, EV 98.1 MPH)
Top of the 1st over - 0 runs, 0 hits, 0 errors, 0 left on base; East Sydney 0 - South Sydney 0
BOTTOM OF THE 1ST
South Sydney Rabbitohs batting - Pitching for East Sydney Roosters : RHP Ron Anderson
Pitching: RHP Ron Anderson
Batting: LHB Clint Soper 0-0: Fly out, F7 (Flyball, 7, EV 83.8 MPH)
Batting: RHB Ian Hogan 0-0: Ground out 6-3 (Groundball, 6, EV 105.6 MPH)
Batting: RHB Kirby Hooley 0-0: Ball
1-0: Fly out, F8 (Flyball, 8LD, EV 93.1 MPH)
Bottom of the 1st over - 0 runs, 0 hits, 0 errors, 0 left on base; East Sydney 0 - South Sydney 0
TOP OF THE 2ND
East Sydney Roosters batting - Pitching for South Sydney Rabbitohs : RHP Curtis Chatfield
Batting: LHB Cristian Trewhella 0-0: Called Strike
0-1: Foul Ball, location: 9LSFF
0-2: Ball
1-2: Ball
2-2: Fly out, F9 (Flyball, 9LM, EV 88.8 MPH)
Batting: LHB Cec Chaundler 0-0: Foul Ball, location: 2F
0-1: Ball
1-1: Ball
2-1: Ball
3-1: Called Strike
3-2: Base on Balls
Batting: RHB Tommie Milsom 0-0: Ball
1-0: Foul Ball, location: 9LMF
1-1: Foul Ball, location: 2F
1-2: Grounds into double play, 5-4-3 (Groundball, 56S, EV 75.6 MPH)
Top of the 2nd over - 0 runs, 0 hits, 0 errors, 0 left on base; East Sydney 0 - South Sydney 0
BOTTOM OF THE 2ND
South Sydney Rabbitohs batting - Pitching for East Sydney Roosters : RHP Ron Anderson
Batting: RHB Pete Vinson 0-0: Ball
1-0: Ball
2-0: Ball
3-0: Base on Balls
Batting: RHB Michael Weyman 0-0: Swinging Strike
0-1: Ball
1-1: Fielders Choice at 2nd, 6-4 (Groundball, 6, EV 88.1 MPH)
Batting: RHB Arnie Bartelot 0-0: Swinging Strike
0-1: Swinging Strike
0-2: Ball
Michael Weyman steals 2nd base
1-2: Ball
2-2: Strikes out looking
Batting: RHB Axel Winson 0-0: Called Strike
0-1: Foul Ball, location: 7LSFF
0-2: Strikes out swinging, 2-3 out at first.
Bottom of the 2nd over - 0 runs, 0 hits, 0 errors, 1 left on base; East Sydney 0 - South Sydney 0
TOP OF THE 3RD
East Sydney Roosters batting - Pitching for South Sydney Rabbitohs : RHP Curtis Chatfield
Batting: RHB Joel Nicholson 0-0: Ball
1-0: Foul Ball, location: 5SF
1-1: Called Strike
1-2: Strikes out swinging
Batting: RHB Adrian Maccley 0-0: Called Strike
0-1: Ball
1-1: Fly out, F8 (Flyball, 8LD, EV 94.4 MPH)
Batting: RHB Ron Anderson 0-0: Fly out, F4 (Line Drive, 4, EV 66.9 MPH)
Top of the 3rd over - 0 runs, 0 hits, 0 errors, 0 left on base; East Sydney 0 - South Sydney 0
BOTTOM OF THE 3RD
South Sydney Rabbitohs batting - Pitching for East Sydney Roosters : RHP Ron Anderson
Batting: RHB Oliver Trick 0-0: Called Strike
0-1: Fly out, F8 (Flyball, 8LS, EV 98.1 MPH)
Batting: RHB Curtis Chatfield 0-0: Ground out 4-3 (Groundball, 4M, EV 78.8 MPH)
Batting: LHB Clint Soper 0-0: Foul Ball, location: 23F
0-1: Ball
1-1: Fly out, F8 (Flyball, 8RS, EV 87.5 MPH)
Bottom of the 3rd over - 0 runs, 0 hits, 0 errors, 0 left on base; East Sydney 0 - South Sydney 0
TOP OF THE 4TH
East Sydney Roosters batting - Pitching for South Sydney Rabbitohs : RHP Curtis Chatfield
Batting: RHB Irving Dorset 0-0: Swinging Strike
0-1: Fly out, F9 (Flyball, 9, EV 88.8 MPH)
Batting: LHB Kole Hancock 0-0: Foul Ball, location: 3F
0-1: Ball
1-1: Swinging Strike
1-2: Ground out U3 (Groundball, 3, EV 102.5 MPH)
Batting: SHB Daren Simmons 0-0: Ball
1-0: Foul Ball, location: 2F
1-1: Ball
2-1: Ball
3-1: Called Strike
3-2: Strikes out looking
Top of the 4th over - 0 runs, 0 hits, 0 errors, 0 left on base; East Sydney 0 - South Sydney 0
BOTTOM OF THE 4TH
South Sydney Rabbitohs batting - Pitching for East Sydney Roosters : RHP Ron Anderson
Batting: RHB Ian Hogan 0-0: Ball
1-0: Ball
2-0: Ball
3-0: Called Strike
3-1: Foul Ball, location: 5F
3-2: Strikes out swinging
Batting: RHB Kirby Hooley 0-0: Called Strike
0-1: Foul Ball, location: 2F
0-2: Ball
1-2: Ball
2-2: Ground out 4-3 (Groundball, 4, EV 81.9 MPH)
Batting: RHB Pete Vinson 0-0: Ball
1-0: Fly out, F6 (Popup, 6MS, EV 58.8 MPH)
Bottom of the 4th over - 0 runs, 0 hits, 0 errors, 0 left on base; East Sydney 0 - South Sydney 0
TOP OF THE 5TH
East Sydney Roosters batting - Pitching for South Sydney Rabbitohs : RHP Curtis Chatfield
Batting: LHB Cristian Trewhella 0-0: Fly out, F6 (Popup, 6M, EV 78.8 MPH)
Batting: LHB Cec Chaundler 0-0: Swinging Strike
0-1: Ball
1-1: SOLO HOME RUN (Flyball, 9D, EV 102.5 MPH), Distance : 377 ft
Batting: RHB Tommie Milsom 0-0: Ball
1-0: Ball
2-0: Ball
3-0: Called Strike
3-1: Foul Ball, location: 2F
3-2: Foul Ball, location: 7LSF
3-2: Fly out, F4 (Line Drive, 4, EV 68.8 MPH)
Batting: RHB Joel Nicholson 0-0: Ball
1-0: Ball
2-0: Ball
3-0: Called Strike
3-1: Called Strike
3-2: SINGLE (Groundball, 6D, EV 107.5 MPH)
Batting: RHB Adrian Maccley 0-0: Fly out, F8 (Flyball, 8RD, EV 96.3 MPH)
Top of the 5th over - 1 run, 2 hits, 0 errors, 1 left on base; East Sydney 1 - South Sydney 0
BOTTOM OF THE 5TH
South Sydney Rabbitohs batting - Pitching for East Sydney Roosters : RHP Ron Anderson
Batting: RHB Michael Weyman 0-0: Ball
1-0: Called Strike
1-1: Fly out, F8 (Flyball, 8LS, EV 93.1 MPH)
Batting: RHB Arnie Bartelot 0-0: Called Strike
0-1: Foul Ball, location: 5DF
0-2: Strikes out looking
Batting: RHB Axel Winson 0-0: Called Strike
0-1: Swinging Strike
0-2: Ball
1-2: DOUBLE (Line Drive, 78D, EV 109.4 MPH)
Batting: RHB Oliver Trick 0-0: Intentional Walk
Batting: RHB Curtis Chatfield 0-0: Ball
1-0: Fly out, F9 (Flyball, 9, EV 93.8 MPH)
Bottom of the 5th over - 0 runs, 1 hit, 0 errors, 2 left on base; East Sydney 1 - South Sydney 0
TOP OF THE 6TH
East Sydney Roosters batting - Pitching for South Sydney Rabbitohs : RHP Curtis Chatfield
Batting: RHB Ron Anderson 0-0: Ball
1-0: Foul Ball, location: 2F
1-1: Foul Ball, location: 3F
1-2: Ball
2-2: Fly out, F9 (Flyball, 9, EV 90.6 MPH)
Pitching: LHP Ben Pearn
Batting: RHB Irving Dorset 0-0: Ground out 5-3 (Groundball, 5, EV 93.1 MPH)
Batting: LHB Kole Hancock 0-0: DOUBLE (Line Drive, 9LS, EV 105.6 MPH)
Batting: SHB Daren Simmons 0-0: Called Strike
0-1: Ball
1-1: Ball
2-1: Ball
3-1: 2-RUN HOME RUN (Flyball, 78XD, EV 101.3 MPH), Distance : 406 ft
Batting: LHB Cristian Trewhella 0-0: Fly out, F8 (Flyball, 89D, EV 105.6 MPH)
Top of the 6th over - 2 runs, 2 hits, 0 errors, 0 left on base; East Sydney 3 - South Sydney 0
BOTTOM OF THE 6TH
South Sydney Rabbitohs batting - Pitching for East Sydney Roosters : RHP Ron Anderson
Batting: LHB Clint Soper 0-0: Ball
1-0: Ground out 4-3 (Groundball, 4, EV 73.1 MPH)
Batting: RHB Ian Hogan 0-0: SINGLE (Line Drive, 34, EV 109.4 MPH)
Batting: RHB Kirby Hooley 0-0: Called Strike
0-1: Called Strike
0-2: Foul Ball, location: 5SF
0-2: Foul Ball, location: 3F
0-2: Ball
1-2: Foul Ball, location: 9LSF
1-2: Ball
2-2: Ball
3-2: Foul Ball, location: 2F
3-2: Grounds into double play, 5-4-3 (Groundball, 56, EV 95.6 MPH)
Bottom of the 6th over - 0 runs, 1 hit, 0 errors, 0 left on base; East Sydney 3 - South Sydney 0
TOP OF THE 7TH
East Sydney Roosters batting - Pitching for South Sydney Rabbitohs : LHP Ben Pearn
Batting: LHB Cec Chaundler 0-0: Called Strike
0-1: Swinging Strike
0-2: Strikes out swinging
Batting: RHB Tommie Milsom 0-0: Ground out 6-3 (Groundball, 6, EV 82.5 MPH)
Batting: RHB Joel Nicholson 0-0: Ball
1-0: SOLO HOME RUN (Flyball, 7LD, EV 91.3 MPH), Distance : 332 ft
Pitching: RHP D.D. Marshall
Batting: RHB Adrian Maccley 0-0: Fly out, F7 (Flyball, 78M, EV 76.3 MPH)
Top of the 7th over - 1 run, 1 hit, 0 errors, 0 left on base; East Sydney 4 - South Sydney 0
BOTTOM OF THE 7TH
South Sydney Rabbitohs batting - Pitching for East Sydney Roosters : RHP Ron Anderson
Batting: RHB Pete Vinson 0-0: Ball
1-0: Called Strike
1-1: Swinging Strike
1-2: Fly out, F6 (Popup, 6S, EV 81.3 MPH)
Batting: RHB Michael Weyman 0-0: TRIPLE (Groundball, 3L, EV 109.4 MPH)
Batting: RHB Arnie Bartelot 0-0: Ground out 6-3 (Groundball, 6, EV 99.4 MPH)
Michael Weyman scores
Batting: RHB Axel Winson 0-0: Called Strike
0-1: Ball
1-1: Ball
2-1: Ball
3-1: Fly out, F8 (Flyball, 8RD, EV 108.8 MPH)
Bottom of the 7th over - 1 run, 1 hit, 0 errors, 0 left on base; East Sydney 4 - South Sydney 1
TOP OF THE 8TH
East Sydney Roosters batting - Pitching for South Sydney Rabbitohs : RHP D.D. Marshall
Batting: RHB Ron Anderson 0-0: Fly out, F7 (Flyball, 7D, EV 86.3 MPH)
Batting: RHB Irving Dorset 0-0: Ball
1-0: Called Strike
1-1: Foul Ball, location: 5FF
1-2: Strikes out swinging
Batting: LHB Kole Hancock 0-0: DOUBLE (Line Drive, 78XD, EV 106.9 MPH)
Batting: SHB Daren Simmons 0-0: Ball
1-0: Swinging Strike
1-1: Foul Ball, location: 2LF
1-2: Ball
2-2: Strikes out looking
Top of the 8th over - 0 runs, 1 hit, 0 errors, 1 left on base; East Sydney 4 - South Sydney 1
BOTTOM OF THE 8TH
South Sydney Rabbitohs batting - Pitching for East Sydney Roosters : RHP Ron Anderson
Batting: RHB Oliver Trick 0-0: Ball
1-0: Called Strike
1-1: Ball
2-1: Ball
3-1: Base on Balls
Pinch Hitting: RHB Neil Vanstone 0-0: Ball
1-0: Ball
2-0: Called Strike
2-1: Fielders Choice at 2nd, 3-6 (Groundball, 34S, EV 88.8 MPH)
Batting: LHB Clint Soper 0-0: Ball
1-0: Called Strike
1-1: Swinging Strike
1-2: DOUBLE (Groundball, 3L, EV 95.6 MPH)
Neil Vanstone to third
Batting: RHB Ian Hogan 0-0: Fly out, F8 (Flyball, 8RD, EV 108.8 MPH)
Runner from 3rd tags up, OUT at HOME! 8-2
Bottom of the 8th over - 0 runs, 1 hit, 0 errors, 1 left on base; East Sydney 4 - South Sydney 1
TOP OF THE 9TH
East Sydney Roosters batting - Pitching for South Sydney Rabbitohs : RHP D.D. Marshall
Pitching: RHP Geoff Medley
Batting: LHB Cristian Trewhella 0-0: Ball
1-0: Ball
2-0: SINGLE (Line Drive, 78S, EV 105.0 MPH)
Batting: LHB Cec Chaundler 0-0: Called Strike
0-1: Foul Ball, location: 7LDF
0-2: SINGLE (Line Drive, 78S, EV 108.1 MPH)
Cristian Trewhella to second
Batting: RHB Tommie Milsom 0-0: Fielders Choice at 2nd, U6 (Groundball, 4MS, EV 92.5 MPH)
Cristian Trewhella to third
Batting: RHB Joel Nicholson 0-0: Foul Ball, location: 3F
0-1: Called Strike
0-2: Strikes out looking
Pinch Hitting: LHB Tal-hun Uhm 0-0: Ball
1-0: Swinging Strike
1-1: Ball
2-1: Ball
3-1: Base on Balls
Tommie Milsom to second
Pinch Hitting: RHB Paul Wise 0-0: Called Strike
0-1: Foul Ball, location: 25F
0-2: Strikes out looking
Top of the 9th over - 0 runs, 2 hits, 0 errors, 3 left on base; East Sydney 4 - South Sydney 1
BOTTOM OF THE 9TH
South Sydney Rabbitohs batting - Pitching for East Sydney Roosters : RHP Ron Anderson
Pitching: LHP Les Barthorpe
Now at 2B: Ed Halloway
Batting: RHB Kirby Hooley 0-0: Foul Ball, location: 3F
0-1: Ground out 6-3 (Groundball, 6, EV 105.0 MPH)
Batting: RHB Pete Vinson 0-0: DOUBLE (Flyball, 8LXD, EV 102.5 MPH)
Batting: RHB Michael Weyman 0-0: Ball
1-0: Called Strike
1-1: Foul Ball, location: 5F
1-2: Ball
2-2: Ball
3-2: Foul Ball, location: 5DF
3-2: Ground out 6-3 (Groundball, 6M, EV 81.3 MPH)
Pete Vinson to third
Batting: RHB Arnie Bartelot 0-0: Called Strike
0-1: SINGLE (Line Drive, 6M, EV 105.0 MPH)
Pete Vinson scores
Batting: RHB Axel Winson 0-0: Foul Ball, location: 2F
0-1: Called Strike
0-2: Strikes out swinging
Bottom of the 9th over - 1 run, 2 hits, 0 errors, 1 left on base; East Sydney 4 - South Sydney 2
Monday, April 22nd , 2024 - OOTP Baseball 24.9 Build 80